 Dungeon Crawl Stone Soup version 0.21-a0-78-g82a99e0 (webtiles) character file.

11 4thArraOfDagon the Skirmisher (level 2, 6/27 HPs)
             Began as a Minotaur Abyssal Knight on June 21, 2017.
             Was an Initiate of Lugonu.
             Quit the game on level 2 of the Dungeon.
             The game lasted 00:01:23 (237 turns).

4thArraOfDagon the Skirmisher (MiAK)                 Turns: 237, Time: 00:01:23

Health: 6/27       AC:  4    Str: 14    XL:     2   Next: 13%
Magic:  2/2        EV:  6    Int: 11    God:    Lugonu [......]
Gold:   10         SH:  0    Dex:  7    Spells: 1/1 levels left

rFire    . . .     SeeInvis .   a - +1 falchion
rCold    . . .     Gourm    .   (no shield)
rNeg     . . .     Faith    .   f - +0 chain mail
rPois    .         Spirit   .   (helmet restricted)
rElec    .         Reflect  .   (no cloak)
rCorr    .         Harm     .   (no gloves)
MR       .....     Rnd*Tele +   (no boots)
Stlth    ..........             (no amulet)
HPRegen  0.09/turn              (no ring)
MPRegen  0.08/turn              (no ring)

@: lethally poisoned (6 -> -6)
A: retaliatory headbutt, horns 2, clever 1, clumsy 1, deformed body,
teleportitis 1, weak 1
a: Renounce Religion


You were on level 2 of the Dungeon.
You worshipped Lugonu.
Lugonu was noncommittal.
You were not hungry.

You visited 1 branch of the dungeon, and saw 2 of its levels.
You visited the Abyss 1 time.

You collected 10 gold pieces.

Inventory:

Hand Weapons
 a - a +1 falchion (weapon)
Armour
 b - a +0 leather armour
 d - a +0 ring mail of fire resistance
 f - a +0 chain mail (worn)
Scrolls
 g - a scroll of immolation {unknown}
Potions
 e - a potion of flight
Comestibles
 c - a bread ration


   Skills:
 + Level 4.1 Fighting
 + Level 2.6 Long Blades
 + Level 2.6 Armour
 + Level 1.2 Dodging
 + Level 1.8 Invocations


You had one spell level left.
You didn't know any spells.

Dungeon Overview and Level Annotations

Branches:
Dungeon (2/15)

Altars:


Innate Abilities, Weirdness & Mutations

You reflexively headbutt those who attack you in melee.
You have a pair of horns on your head.
Your mind is acute. (Int +2)
You are clumsy. (Dex -2)
Armour fits poorly on your strangely shaped body.
You are occasionally teleported next to monsters.
You are weak. (Str -2)


Message History

The adder bites you.
You are poisoned.
The adder poisons you! The adder bites you.
* * * LOW HITPOINT WARNING * * *
Unknown command.
You barely miss the adder.
The adder is lightly wounded.
You feel sick. The adder bites you.
* * * LOW HITPOINT WARNING * * *
You are more poisoned.
The adder poisons you!
Unknown command.
Unknown command.
Are you sure you want to abandon this character and quit the game? (Confirm with "yes".)
Okay, then.
Unknown command.
Unknown command.
Unknown command.
Unknown command.
Are you sure you want to abandon this character and quit the game? (Confirm with "yes".)

.............
...######..>. #
#####....
#...'.... ###
#.###.... .. #.#
#.... #. #.#
#....
#.###.#########.#
#....
#.....@....##...#
##+##
#####S####.##.###
#w #.##.# .)
#....# .%. ######
.... ..... #.....


You could see a worm and an adder.

Vanquished Creatures
  A shadow imp (Abyss:1)
  A bat (D:1)
  2 frilled lizards (D:2)
  A goblin (D:2)
5 creatures vanquished.

Notes
Turn   | Place    | Note
-------+----------+-------------------------------------------
     0 | Abyss:1  | 4thArraOfDagon the Minotaur Abyssal Knight began the quest for the Orb.
     0 | Abyss:1  | Reached XP level 1. HP: 19/19 MP: 1/1
    32 | Abyss:1  | Noticed a shining eye
    38 | Abyss:1  | Reached skill level 4 in Fighting
    38 | Abyss:1  | Reached XP level 2. HP: 16/27 MP: 2/2
    39 | Abyss:1  | Noticed a starcursed mass
    49 | Abyss:1  | Gained mutation: Armour fits poorly on your strangely shaped body. [a shining eye]
    52 | Abyss:1  | Gained mutation: You are clumsy. (Dex -2) [a shining eye]
    55 | Abyss:1  | Gained mutation: Your mind is acute. (Int +2) [a shining eye]
    56 | Abyss:1  | Gained mutation: You are occasionally teleported next to monsters. [a shining eye]
    59 | Abyss:1  | Gained mutation: You are weak. (Str -2) [a shining eye]
    88 | D:1      | Escaped the Abyss
   237 | D:2      | Quit the game

Vault maps used:
D:1:      eino_arrival_water_cross, roderic_roman_lattice
D:2:      first_bread, hangedman_decor_growths, minmay_close_crescents

Skill      XL: |  1 |
---------------+----+-----
Fighting       | 4 |  4.1
Long Blades    | |  2.6
Armour         | |  2.6
Dodging        | |  1.2
Invocations    | |  1.8

Action                   || total
-------------------------++-------
Melee: Falchion          ||    23
       Headbutt          ||     1
Invok: Depart the Abyss  ||     1
  Use: Potion            ||     1
Armor: Leather armour    ||     1
       Chain mail        ||     8
Dodge: Dodged            ||    10
       Rpst.: Falchion   ||     2
